 Dungeon Crawl Stone Soup version 0.18.1-6-gd335043 (webtiles) character file.

520 Zhenya25pyc the Cudgeler (level 7, -8/44 HPs)
             Began as a Gargoyle Fighter on May 15, 2016.
             Was an Initiate of Okawaru.
             Mangled by an orc warrior
             ... wielding a +0 halberd
              (13 damage)
             ... on level 6 of the Dungeon.
             The game lasted 00:06:07 (3569 turns).

Zhenya25pyc the Cudgeler (Gargoyle Fighter)         Turns: 3569, Time: 00:06:07

Health: -8/44      AC: 16    Str: 20    XL:     7   Next: 21%
Magic:  7/7        EV: 10    Int:  9    God:    Okawaru [......]
Gold:   301        SH:  9    Dex: 10    Spells: 0 memorised, 6 levels left

rFire  + . .     SeeInvis .     a - +0 flail
rCold  . . .     Gourm    .     n - +0 ring mail {rF+}
rNeg   + . .     Faith    .     c - +0 shield
rPois  ∞         Spirit   .     h - +2 helmet
rElec  +         Dismiss  .     (no cloak)
rCorr  .         Reflect  .     y - +0 pair of gloves
SustAt .         Harm     +     s - +0 pair of boots
MR     .....                    L - amulet of harm
Stlth  +.........               B - ring of stealth
                                I - +2 ring of evasion

@: not resistant to hostile enchantments, very unstealthy
A: negative energy resistance 1, electricity resistance, unbreathing,
petrification resistance, rot immunity, AC +4
a: Renounce Religion


You were on level 6 of the Dungeon.
You worshipped Okawaru.
Okawaru was noncommittal.
You were hungry.

You visited 2 branches of the dungeon, and saw 7 of its levels.

You collected 301 gold pieces.

Inventory:

Hand Weapons
 a - a +0 flail (weapon)
Armour
 c - a +0 shield (worn)
 h - a +2 helmet (worn)
 n - a +0 ring mail of fire resistance (worn)
 s - a +0 pair of boots (worn)
 y - a +0 pair of gloves (worn)
Jewellery
 v - an uncursed ring of sustain attributes
 B - a ring of stealth (right hand)
 I - a +2 ring of evasion (left hand)
 L - an amulet of harm (around neck)
Wands
 G - a wand of polymorph (13/24)
 M - a wand of acid (2/15)
Scrolls
 b - 5 scrolls of magic mapping {unknown}
 g - 5 scrolls of remove curse {unknown}
 j - 3 scrolls of recharging {unknown}
 l - 3 scrolls of identify {unknown}
 m - a scroll of blinking {unknown}
 o - a scroll of fog {unknown}
 r - a scroll of amnesia {unknown}
 t - a scroll of immolation {unknown}
 x - a scroll of fear {unknown}
 F - a scroll of random uselessness {unknown}
 H - 2 scrolls of teleportation {unknown}
 K - a scroll of enchant armour {unknown}
 N - a scroll of holy word {unknown}
Potions
 d - a potion of might
 e - 4 potions of cure mutation {unknown}
 i - a potion of degeneration {unknown}
 p - a potion of brilliance {unknown}
 u - 3 potions of lignification {unknown}
 w - 2 potions of curing {unknown}
 z - 2 potions of mutation {unknown}
 A - 2 potions of agility
 C - a potion of resistance {unknown}
 J - a potion of magic {unknown}
 P - a potion of flight {unknown}
Books
 E - an Akashic Record

   Spells                             Type                      Level
   a - Dispersal                      Translocation                6
   b - Malign Gateway                 Summoning/Translocation      7
   c - Disjunction                    Translocation                8
   d - Controlled Blink               Translocation                8
Comestibles
 f - 3 bread rations
 k - 3 slices of pizza
 q - 4 fruits
 D - a meat ration
 O - 2 beef jerkies


   Skills:
 + Level 5.0 Fighting
 * Level 5.7 Maces & Flails
 + Level 5.1 Armour
 - Level 3.2 Shields


You had 6 spell levels left.
You didn't know any spells.

Dungeon Overview and Level Annotations

Branches:
Dungeon (6/15)             Temple (1/1) D:4

Altars:
Ashenzari
Cheibriados
Dithmenos
Fedhas
Makhleb
Nemelex Xobeh
Okawaru
Pakellas
Ru
Sif Muna
Vehumet
Xom
Yredelemnul


Innate Abilities, Weirdness & Mutations

You are resistant to torment.
Your stone body is resilient (AC +4).
You are immune to poison.
You resist negative energy.
You are resistant to electric shocks.
You can survive without breathing.
You are immune to petrification.
You are immune to rotting.


Message History

Okawaru accepts your kill. The hound bites you but does no damage.
The orc warrior hits you but does no damage.
The hound barely misses you.
Your shield prevents you from hitting the orc warrior.
The hound bites you but does no damage. The orc warrior closely misses you.
The hound barely misses you.
You hit the orc warrior.
The orc warrior is moderately wounded.
The hound bites you but does no damage. You block the orc warrior's attack.
You hit the orc warrior but do no damage.
The orc warrior is moderately wounded.
You block the hound's attack. The hound bites you but does no damage.
The orc warrior hits you with a halberd.
* * * LOW HITPOINT WARNING * * *
You closely miss the orc warrior.
The orc warrior is moderately wounded.
The hound bites you but does no damage. x2
The orc warrior hits you with a halberd!
You die...

#..........#
#..........#
#.?........#
#..........#
#..........#
#..........#
###..........#
.......@h....#
......o).....#
....#+#+#<#+##
... ### [


You could see an orc warrior and a hound.

Vanquished Creatures
  An ogre (D:5)
  Blork the orc (D:4)
  2 orc priests
  An iguana (D:5)
  3 worker ants
  Natasha (thrice) (D:2)
  A worker ant zombie (D:3)
  5 adders
  An adder skeleton (D:4)
  3 worms
  2 giant geckos
  7 orcs
  3 ball pythons
  5 giant cockroaches
  10 goblins
  11 hobgoblins
  2 jackals (D:2)
  3 kobolds
  2 quokkas
  3 bats
  5 giant newts
  4 rats
78 creatures vanquished.

Notes
Turn   | Place    | Note
--------------------------------------------------------------
     0 | D:1      | Zhenya25pyc the Gargoyle Fighter began the quest for the Orb.
     0 | D:1      | Reached XP level 1. HP: 14/14 MP: 1/1
   245 | D:1      | Reached XP level 2. HP: 19/19 MP: 2/2
   704 | D:2      | Reached XP level 3. HP: 21/23 MP: 3/3
   941 | D:2      | Noticed Natasha
   946 | D:2      | Killed Natasha
   946 | D:2      | Reached XP level 4. HP: 23/29 MP: 4/4
   970 | D:2      | Noticed Natasha
   981 | D:2      | Killed Natasha
  1147 | D:2      | Reached XP level 5. HP: 33/33 MP: 5/5
  1194 | D:2      | Noticed Natasha
  1200 | D:2      | Killed Natasha
  1965 | D:3      | Found a snail-covered altar of Cheibriados.
  2336 | D:4      | Reached XP level 6. HP: 39/39 MP: 6/6
  2546 | D:4      | Noticed Blork the orc
  2560 | D:4      | Killed Blork the orc
  2560 | D:4      | Reached skill level 5 in Maces & Flails
  2621 | D:4      | Found a staircase to the Ecumenical Temple.
  2627 | Temple   | Entered the Ecumenical Temple
  2691 | Temple   | Became a worshipper of Warmaster Okawaru
  2784 | D:5      | Entered Level 5 of the Dungeon
  3225 | D:5      | Found a shimmering altar of Xom.
  3329 | D:5      | Reached skill level 5 in Fighting
  3329 | D:5      | Reached skill level 5 in Armour
  3329 | D:5      | Reached XP level 7. HP: 31/44 MP: 7/7
  3569 | D:6      | Mangled by an orc warrior

Skill      XL: |  1  2  3  4  5  6 |
---------------+-------------------+-----
Maces & Flails | 3 4 5 |  5.7
Armour         | 4 5 |  5.1
Fighting       | 4 5 |  5.0
Shields        | |  3.2

Action                   |  1- 3 |  4- 6 |  7- 9 || total
-------------------------+-------+-------+-------++-------
Melee: Flail             |    63 |   218 |    15 ||   296
  Eat: Chunk             |       |     8 |       ||     8
Armor: Scale mail        |     4 |       |       ||     4
       Ring mail         |    31 |    84 |    13 ||   128
Dodge: Dodged            |    16 |    55 |    12 ||    83
Block: Shield            |    42 |   102 |    10 ||   154
